 Dungeon Crawl Stone Soup version 0.30.0-19-g36f170ea60 (webtiles) character file.

Game seed: 16894412749355252607

1029 Sabo the Trooper (level 8, -12/91 HPs)
             Began as a Demonspawn Berserker on May 27, 2023.
             Was an Elder of Trog.
             Mangled by a two-headed ogre
             ... wielding a +0 giant spiked club
              (27 damage)
             ... on level 5 of the Dungeon.
             The game lasted 00:25:10 (4407 turns).

Sabo the Trooper (Demonspawn Berserker)             Turns: 4407, Time: 00:25:11

Health: -12/91     AC: 13    Str: 19    XL:     8   Next: 3%
Magic:  8/8        EV:  9    Int:  9    God:    Trog [****..]
Gold:   251        SH:  0    Dex: 13    Spells: 7/7 levels left

rFire   + . .        m - +6 short sword (venom)
rCold   . . .        (no shield)
rNeg    . . .        l - +0 chain mail
rPois   .            n - +0 helmet
rElec   .            (no cloak)
rCorr   .            v - +0 pair of gloves
SInv    +            q - +0 pair of boots
Will    .....        h - amulet of regeneration Stlth
                     y - ring of protection from fire
HPRegen 1.15/turn    u - ring of see invisible
MPRegen 0.11/turn

%: no passive effects
@: berserking, very quick
A: foul stench 2, weakness stinger 2
a: Renounce Religion, Berserk, Trog's Hand, Brothers in Arms


You were on level 5 of the Dungeon.
You worshipped Trog.
Trog was greatly pleased with you.
You visited 1 branch of the dungeon, and saw 5 of its levels.

You collected 251 gold pieces.

Inventory:

Hand Weapons
 a - a +0 hand axe
 k - a +1 dagger of venom
 m - a +6 short sword of venom (weapon)
 D - a +0 shortbow
Missiles
 c - 10 poisoned darts (quivered)
Armour
 l - a +0 chain mail (worn)
 n - a +0 helmet (worn)
 q - a +0 pair of boots (worn)
 v - a +0 pair of gloves (worn)
Jewellery
 g - a ring of magical power
 h - an amulet of regeneration (around neck)
 u - a ring of see invisible (right hand)
 y - a ring of protection from fire (left hand)
Wands
 A - a wand of digging (3)
Scrolls
 f - 5 scrolls of fog
 i - 2 scrolls of teleportation
 j - 2 scrolls of fear
 p - a scroll of blinking {unknown}
 x - a scroll of enchant armour {unknown}
 C - a scroll of noise {unknown}
Potions
 b - a potion of resistance {unknown}
 d - a potion of magic
 e - a potion of heal wounds {unknown}
 o - 2 potions of attraction {unknown}
 r - 4 potions of curing
 s - a potion of haste {unknown}
 w - a potion of lignification {unknown}
 z - a potion of flight {unknown}
 B - a potion of degeneration {unknown}


   Skills:
 + Level 4.7 Fighting
 + Level 4.6 Short Blades
 + Level 4.0 Axes
 + Level 4.4 Armour
 + Level 3.4 Dodging
 + Level 1.2 Stealth


You had 7 spell levels left.
You didn't know any spells.
Your spell library was empty.

Dungeon Overview and Level Annotations

Branches:
Dungeon (5/15)
 Temple: D:4-7

Altars:
Ashenzari
Dithmenos
Fedhas
Gozag
Makhleb
Nemelex Xobeh
Okawaru
Qazlal
Ru
Trog
Uskayaw
Wu Jian
Xom
Yredelemnul


Innate Abilities, Weirdness & Mutations

You sometimes emit foul miasma when damaged in melee.
You have a tail ending in a sharp stinger.


Message History

Found a stone staircase leading down.
There is a stone staircase leading down here.
Found a mace.
A two-headed ogre and 2 orcs come into view.
An orc is wielding a +4 dagger of protection.
The two-headed ogre shouts in stereo!
The orc shouts! x2; You hear a shout!
An orc priest comes into view. It is wielding a +0 whip.
The orc priest shouts!
You hear a shout!
An orc comes into view. It is wielding a +0 whip.
The orc shouts!
You hear a shout!
The orc priest calls down the wrath of Beogh upon you.
Beogh smites you! The orc hits you with a +0 dagger.
You hit the orc.
The orc is poisoned.
You tail-slap the orc.
You kill the orc!
Trog accepts your kill.
You closely miss the orc. The orc closely misses you.
You barely miss the orc. You barely miss the orc. You tail-slap the orc.
The orc is severely wounded.
The orc closely misses you.
The two-headed ogre hits you with a +0 giant spiked club!!
The two-headed ogre barely misses you.
You closely miss the orc.
Your tail-slap misses the orc.
The orc is severely wounded.
The orc barely misses you.
You puncture the orc!
You kill the orc!
Trog accepts your kill.
The two-headed ogre hits you with a +0 giant spiked club!
You emit a cloud of foul miasma!
The two-headed ogre hits you with a +0 giant club!
* * * LOW HITPOINT WARNING * * *
The orc priest looks encouraged for a moment.
A red film seems to cover your vision as you go berserk!
You feel yourself moving faster!
You feel mighty!
The two-headed ogre is engulfed in dark miasma.
The two-headed ogre is poisoned.
The two-headed ogre seems to slow down.
The two-headed ogre hits you with a +0 giant spiked club!!
You die...

............##.##................
#......#.........................
.......#.........................
.......†...##................>...
.......)..###.....#..............
..........###..##................
..##..........###..............##
........##......#O............##
.#........#(....@oo..........##
##.....#.)#....###......###...
#..##.##.........#............
...#.............#.........
#####......##..........#...
####......#..#......o..#...
..........#.............#..
.##.....................#..
.....†###.###..............


You could see a two-headed ogre (poisoned, slow), an orc priest and an orc.

Vanquished Creatures
  2 black bears
  A centaur (D:5)
  A phantom (D:5)
  A kobold brigand (D:4)
  A scorpion (D:5)
  A howler monkey (D:4)
  2 orc priests
  2 hounds
  2 jellies
  2 iguanas
  2 orc wizards (D:5)
  Robin (D:2)
  4 adders
  3 gnolls (D:4)
  A shadow imp (D:5)
  A white imp (D:4)
  3 dart slugs
  17 orcs
  10 ball pythons
  2 bats
  8 endoplasms
  8 giant cockroaches
  10 goblins
  9 hobgoblins
  6 jackals
  25 kobolds
  4 quokkas
  3 frilled lizards
  6 rats
138 creatures vanquished.

Notes
Turn   | Place    | Note
-------+----------+-------------------------------------------
     0 | D:1      | Sabo the Demonspawn Berserker began the quest for the Orb.
     0 | D:1      | Reached XP level 1. HP: 18/18 MP: 1/1
     1 | D:1      | Found a runed translucent door.
    24 | D:1      | Gained mutation: You may rarely emit foul miasma when
                  | damaged in melee. [demonic ancestry]
    24 | D:1      | Reached XP level 2. HP: 24/24 MP: 2/2
   863 | D:2      | Gained mutation: You sometimes emit foul miasma when
                  | damaged in melee. [demonic ancestry]
   863 | D:2      | Reached XP level 3. HP: 24/29 MP: 3/3
  1001 | D:2      | Reached ** piety under Trog
  1141 | D:2      | Reached XP level 4. HP: 37/37 MP: 4/4
  1169 | D:2      | Noticed Robin
  1187 | D:2      | Killed Robin
  1594 | D:2      | You fall into a shaft and drop 1 floor!
  1594 | D:3      | Found an opulent altar of Gozag.
  1959 | D:3      | Reached skill level 1 in Short Blades
  1959 | D:3      | Discovered your monstrous ancestry.
  1959 | D:3      | Gained mutation: You have a small tail. [demonic ancestry]
  1959 | D:3      | Reached XP level 5. HP: 42/42 MP: 5/5
  2080 | D:3      | Found a faded altar of an unknown god.
  2208 | D:4      | Found a burning altar of Makhleb.
  2209 | D:4      | Found an iron altar of Okawaru.
  2209 | D:4      | Found a shadowy altar of Dithmenos.
  2209 | D:4      | Found a basalt altar of Yredelemnul.
  2209 | D:4      | Found a shimmering altar of Xom.
  2210 | D:4      | Found a bloodstained altar of Trog.
  2210 | D:4      | Found an ornate altar of the Wu Jian Council.
  2213 | D:4      | Found a blossoming altar of Fedhas.
  2213 | D:4      | Found a stormy altar of Qazlal.
  2213 | D:4      | Found a broken altar of Ashenzari.
  2215 | D:4      | Found a sparkling altar of Nemelex Xobeh.
  2215 | D:4      | Found a hide-covered altar of Uskayaw.
  2215 | D:4      | Found a sacrificial altar of Ru.
  2231 | D:4      | Noticed a black bear
  2241 | D:4      | Killed a black bear
  2241 | D:4      | Reached *** piety under Trog
  2242 | D:4      | Reached XP level 6. HP: 43/48 MP: 6/6
  2445 | D:4      | Reached skill level 1 in Stealth
  3045 | D:4      | Gained mutation: You have a tail ending in a sharp stinger.
                  | [demonic ancestry]
  3045 | D:4      | Reached XP level 7. HP: 49/54 MP: 7/7
  3781 | D:5      | Entered Level 5 of the Dungeon
  4234 | D:5      | Reached **** piety under Trog
  4237 | D:5      | Reached XP level 8. HP: 34/61 MP: 8/8
  4386 | D:5      | Noticed a two-headed ogre
  4407 | D:5      | Mangled by a two-headed ogre

Illustrated notes

Levels and vault maps discovered:
D:1:      dpeg_arrival_caged_fury, layout_loops_ring
D:2:      layout_loops_ring, uniq_robin
D:3:      minmay_inner_zag, layout_rooms, grunt_gozag_statues,
          basic_ecumenical_altar, st_stairs_6
D:4:      kennysheep_kobold_camp, layout_layer_cave, nicolae_overflows_in_rows
D:5:      layout_cave_pools

Skill      XL: |  1  2  3  4  5  6  7 |
---------------+----------------------+-----
Axes           | 3 4 |  4.0
Armour         | 2 3 4 |  4.4
Dodging        | 2 3 |  3.4
Short Blades   | 1 2 3 4 |  4.6
Fighting       | 4 |  4.7
Stealth        | 1 |  1.2

Action                     |  1- 3 |  4- 6 |  7- 9 || total
---------------------------+-------+-------+-------++-------
  Melee: Hand axe          |    75 |       |       ||    75
         Punch             |     1 |     4 |     3 ||     8
         Short sword       |       |   172 |    91 ||   263
         Tailslap          |       |    12 |    20 ||    32
 Invoke: Berserk           |     1 |       |     1 ||     2
    Use: Scroll            |     3 |     4 |       ||     7
         Potion            |       |       |     1 ||     1
   Stab: Sleeping          |       |     1 |       ||     1
 Armour: Animal skin       |     3 |       |       ||     3
         Leather armour    |    10 |    13 |       ||    23
         Ring mail         |       |    67 |    21 ||    88
  Dodge: Dodged            |    35 |   103 |    46 ||   184
